 Dungeon Crawl Stone Soup version 0.31-a0-1074-g0b22e4e0f1 (webtiles) character file.

Game seed: 16126798974549448232

3700 sammy202020 the Shield-Bearer (level 10, -1/64 HPs)
             Began as a Gargoyle Fighter on Nov 26, 2023.
             Was an Initiate of Gozag.
             Killed by divine providence
             ... invoked by Jeremiah
              (12 damage)
             ... on level 8 of the Dungeon.
             The game lasted 00:14:15 (8027 turns).

sammy202020 the Shield-Bearer (Gargoyle Fighter)    Turns: 8027, Time: 00:14:15

Health: -1/64      AC: 26    Str: 26    XL:     10   Next: 13%
Magic:  10/10      EV:  8    Int: 11    God:    Gozag
Gold:   995        SH:  5    Dex: 11    Spells: 9/9 levels left

rFire   . . .        a - +0 flail (freeze)
rCold   + . .        c - +0 buckler
rNeg    + . .        g - +1 plate armour
rPois   ∞            b - +1 helmet
rElec   +            (no cloak)
rCorr   .            B - +0 pair of gloves
SInv    .            f - +0 pair of boots
Will    +....        (no amulet) Stlth
                     h - ring of protection from cold
HPRegen 0.30/turn    o - +6 ring of strength
MPRegen 0.12/turn

%: no passive effects
@: about to teleport, gold aura, flying, hasted, very quick
A: sickness immunity, AC +7, negative energy resistance 1, electricity
resistance, torment resistance 1, petrification resistance, big wings,
strong-willed 1
a: Renounce Religion, Potion Petition, Call Merchant, Bribe Branch


You were on level 8 of the Dungeon.
You worshipped Gozag.
Gozag was pleased with you.
You visited 1 branch of the dungeon, and saw 8 of its levels.

You collected 1195 gold pieces.
You spent 151 gold pieces at shops.
You paid 49 gold pieces to Gozag.

Inventory:

Hand Weapons
 a - a +0 flail of freezing (weapon)
Missiles
 y - 2 poisoned darts (quivered)
Armour
 b - a +1 helmet (worn)
 c - a +0 buckler (worn)
 f - a +0 pair of boots (worn)
 g - a +1 plate armour (worn)
 B - a +0 pair of gloves (worn)
Jewellery
 h - a ring of protection from cold (left hand)
 o - a +6 ring of strength (right hand)
 E - a +4 ring of protection
Wands
 i - a wand of polymorph (6)
 w - a wand of iceblast (18)
 z - a wand of flame (21)
Scrolls
 m - 4 scrolls of teleportation
 p - 2 scrolls of fog
 r - a scroll of enchant armour
 v - a scroll of immolation
Potions
 e - 3 potions of lignification
 j - a potion of haste
 k - a potion of ambrosia
 l - 3 potions of curing
 q - 4 potions of attraction
 s - a potion of mutation
 x - a potion of enlightenment {unknown}
 A - 2 potions of brilliance {unknown}
 D - a potion of resistance {unknown}


   Skills:
 * Level 7.8 Fighting
 * Level 6.8 Maces & Flails
 + Level 3.2 Throwing
 * Level 7.8 Armour
 + Level 3.6 Dodging
 * Level 7.8 Shields


You had 9 spell levels left.
You didn't know any spells.
Your spell library contained the following spells:

 Spells                   Type           Power      Damage    Failure   Level
 Freeze                   Ice            0%         1d3       99%         1
 Magic Dart               Conj           0%         1d3       99%         1
 Call Imp                 Summ           0%         N/A       100%        2
 Poisonous Vapours        Pois/Air       0%         N/A       100%        2
 Frozen Ramparts          Ice            0%         1d1       100%        3
 Hailstorm                Conj/Ice       0%         3d3       100%        3
 Mephitic Cloud           Conj/Pois/Air  0%         N/A       100%        3
 Freezing Cloud           Conj/Ice/Air   0%         6-21      100%        5


Dungeon Overview and Level Annotations

Branches:
Dungeon (8/15)             Temple (0/1) D:6
   Lair: D:8-11

Altars:
Cheibriados
Fedhas
Gozag
Hepliaklqana
Okawaru
Sif Muna
Wu Jian
Xom
Yredelemnul
Zin

Shops:
D:5 *   D:6 (

Portals:
Abyss: D:7

Annotations:
D:7 2 transporters, serber55's ghost, novice OpIE
D:8 Jeremiah; Maurice


Innate Abilities, Weirdness & Mutations

You are immune to sickness and miasma.
Your stone body is resilient. (AC +7)
You are immune to poison.
You resist negative energy. (rN+)
You are resistant to electric shocks. (rElec)
You are resistant to unholy torment.
You are immune to petrification.
Your large and strong wings let you fly.
You are strong-willed. (Will+)


Message History

The butterfly disappears in a burst of colours!
You hit something. You freeze something.
You kill the butterfly!
The butterfly disappears in a burst of colours!
The butterfly is distracted by your dazzling golden aura.
The killer bee stings you but does no damage.
The butterfly is engulfed in poison gas.
The butterfly is poisoned.
You kill the butterfly!
The butterfly disappears in a burst of colours!
The killer bee stings you but does no damage.
The butterfly is engulfed in poison gas.
The butterfly is poisoned.
You kill the butterfly!
The butterfly disappears in a burst of colours!
You barely miss something.
The butterfly is engulfed in poison gas.
The butterfly is poisoned.
You kill the butterfly!
The butterfly disappears in a burst of colours!
The killer bee stings you but does no damage. x2
Something hits you but does no damage. Something bites you but does no damage.
The killer bee barely misses you. x2
You barely miss something.
The butterfly is engulfed in poison gas.
The butterfly is poisoned.
You kill the butterfly!
The butterfly disappears in a burst of colours!
The killer bee barely misses you.
The killer bee stings you but does no damage.
The butterfly is engulfed in poison gas.
The butterfly is poisoned.
You kill the butterfly!
The butterfly disappears in a burst of colours!
You hear some strange, mumbled words.
Jeremiah mumbles a slurred invocation.
Something smites you!
You die...
Jeremiah wails, "I didn't mean to kill anyone!
I'm not a murderer!"
Your body crumbles into a pile of gold.

........#..§§##
..$§....#..§§.. ....
...§§......§§. .....
...b§...#..b# # .....
...§§§§.#..F#### .##.....
$$.§§§§§..oob§§###........
...§§§§§o##yo.b§§§........
...§§§§§.o@yJ##..##.......
...§§#######§##...........
... ###).§§......#...# .
.######..)##§§§....# .
........#####§§§...#
.#####.....##.###.##
..####.....##.# ..#
#....#.....##.. #.#
#.).......###. ..


You could see Jeremiah, an orc warrior, a jelly, 2 killer bees and 3 orcs.

Vanquished Creatures
  Joseph (D:7)
  A kobold demonologist (D:8)
  Prince Ribbit (D:5)
  Sigmund (D:6)
  Eustachio (D:5)
  Menkaure (D:5)
  2 water moccasins
  2 sky beasts
  2 ice beasts (D:5)
  2 orc warriors
  A black bear (D:6)
  An ogre (D:6)
  A centaur (D:6)
  A bullfrog (D:6)
  Blork the orc (D:5)
  3 scorpions
  4 wights (D:8)
  4 killer bees
  An electric eel (D:7)
  3 jellies
  A howler monkey (D:6)
  4 hounds
  3 orc priests
  A sleepcap (D:4)
  An iguana (D:7)
  Natasha (twice) (D:4)
  2 orc wizards
  The ghost of croobank the Covert, a weakling GnDe of Ashenzari (D:3)
  Robin (D:4)
  8 gnolls
  7 adders
  3 worms
  2 dart slugs
  31 orcs
  6 endoplasms
  3 giant cockroaches
  8 hobgoblins
  4 jackals (D:1)
  2 quokkas (D:4)
  8 ball pythons
  5 bats
  4 frilled lizards
  25 goblins
  9 kobolds
  5 rats
180 creatures vanquished.

Notes
Turn   | Place    | Note
-------+----------+-------------------------------------------
     0 | D:1      | sammy202020 the Gargoyle Fighter began the quest for the
                  | Orb.
     0 | D:1      | Reached XP level 1. HP: 14/14 MP: 1/1
   172 | D:1      | Reached XP level 2. HP: 19/19 MP: 2/2
   686 | D:1      | Reached XP level 3. HP: 12/23 MP: 3/3
  1412 | D:2      | Reached XP level 4. HP: 28/29 MP: 4/4
  1430 | D:2      | Identified the +11 falchion of Understanding {speed, rC+
                  | Str+4}
  1729 | D:2      | Identified the +8 dagger of Shame {elec, rPois}
  1847 | D:2      | Gained mutation: Potions are less effective at restoring
                  | your health. [potion of mutation]
  1847 | D:2      | Gained mutation: You sometimes lose your temper in combat.
                  | [potion of mutation]
  1848 | D:2      | Lost mutation: You sometimes lose your temper in combat.
                  | [potion of mutation]
  1848 | D:2      | Lost mutation: Potions are less effective at restoring your
                  | health. [potion of mutation]
  1848 | D:2      | Gained mutation: Your large and strong wings let you fly.
                  | [potion of mutation]
  1848 | D:2      | Gained mutation: You are strong-willed. (Will+) [potion of
                  | mutation]
  1896 | D:3      | Found a faded altar of an unknown god.
  2021 | D:3      | Found an opulent altar of Gozag.
  2029 | D:3      | Became a worshipper of Gozag Ym Sagoz the Greedy
  2145 | D:3      | Found a hazy altar of Hepliaklqana.
  2324 | D:3      | Found an ornate altar of the Wu Jian Council.
  2421 | D:3      | Found a large runed translucent door.
  2422 | D:3      | Found a large runed translucent door.
  2425 | D:3      | Noticed croobank's ghost (weakling GnDe)
  2528 | D:3      | Killed croobank's ghost
  2529 | D:3      | Reached skill level 1 in Dodging
  2529 | D:3      | Reached XP level 5. HP: 23/33 MP: 5/5
  2823 | D:4      | Found an iron altar of Okawaru.
  2955 | D:4      | Found a glowing silver altar of Zin.
  2955 | D:4      | Noticed an angel
  2997 | D:4      | Noticed Robin
  3023 | D:4      | Killed Robin
  3024 | D:4      | Reached XP level 6. HP: 27/39 MP: 6/6
  3159 | D:4      | Found a snail-covered altar of Cheibriados.
  3160 | D:4      | Noticed Natasha
  3173 | D:4      | Killed Natasha
  3401 | D:4      | Found a basalt altar of Yredelemnul.
  3444 | D:4      | Noticed Natasha
  3456 | D:4      | Killed Natasha
  3559 | D:4      | Found a shimmering altar of Xom.
  3591 | D:5      | Entered Level 5 of the Dungeon
  3679 | D:5      | Noticed Menkaure
  3691 | D:5      | Killed Menkaure
  3692 | D:5      | Reached XP level 7. HP: 36/44 MP: 7/7
  3708 | D:5      | Reached skill level 5 in Armour
  3708 | D:5      | Reached skill level 5 in Shields
  3883 | D:5      | Noticed Prince Ribbit
  4028 | D:5      | Reached skill level 5 in Fighting
  4059 | D:5      | Killed Prince Ribbit
  4060 | D:5      | Reached XP level 8. HP: 19/50 MP: 8/8
  4099 | D:5      | Reached skill level 1 in Throwing
  4745 | D:5      | Noticed Blork the orc
  4749 | D:5      | Killed Blork the orc
  4849 | D:5      | Found a blossoming altar of Fedhas.
  4850 | D:5      | Noticed Eustachio
  4869 | D:5      | Killed Eustachio
  4870 | D:5      | Reached skill level 5 in Maces & Flails
  4911 | D:5      | Found Orussar's Assorted Antiques.
  5062 | D:6      | Found Xuomywnoo's Weapon Emporium.
  5322 | D:6      | Found a staircase to the Ecumenical Temple.
  5625 | D:6      | Reached XP level 9. HP: 54/56 MP: 9/9
  5670 | D:6      | Noticed Sigmund
  5680 | D:6      | Killed Sigmund
  5709 | D:5      | Bought a dark potion for 25 gold pieces
  5709 | D:5      | Bought a pair of gloves for 126 gold pieces
  6217 | D:6      | Found a shimmering blue altar of Sif Muna.
  6656 | D:7      | Found a one-way gate to the infinite horrors of the Abyss.
  6656 | D:7      | Noticed serber55's ghost (novice OpIE)
  6659 | D:7      | Noticed a toenail golem
  6670 | D:7      | Found a transporter.
  6686 | D:7      | Found a transporter.
  7477 | D:7      | Noticed Joseph
  7502 | D:7      | Killed Joseph
  7879 | D:8      | Reached XP level 10. HP: 45/63 MP: 10/10
  7897 | D:8      | Noticed a kobold demonologist
  7914 | D:8      | Killed a kobold demonologist
  7996 | D:8      | Noticed Maurice
  8012 | D:8      | Noticed Jeremiah
  8021 | D:8      | Something stole a ring of willpower
  8024 | D:8      | Something stole 5 poisoned darts
  8027 | D:8      | Killed from afar by Jeremiah

Illustrated notes

Levels and vault maps discovered:
D:1:      minmay_arrival_up_and_down, layout_loops_corners, serial_aquarium,
          aquarium_bridge_long_joined [aquarium_subvault_wall,
          aquarium_subvault_bridge, aquarium_subvault_balcony,
          aquarium_subvault_bridge, aquarium_subvault_bridge,
          aquarium_subvault_wall], aquarium_window_corridor_2,
          aquarium_window_fake, aquarium_window_corner, aquarium_window_1,
          aquarium_view_2b, aquarium_view_2d
D:2:      minmay_spotlight, layout_loops_ring
D:3:      layout_basic, mainiacjoe_overflow_24_doors,
          lemuel_coloured_pillars_altar, mainiacjoe_overflow_surrounded_room,
          ebering_ghost_disaster_area, chequers_ecumenical_altar_simple
D:4:      layout_loops_ring, kennysheep_mini_moat, amcnicky_altar_gilded,
          marbit_many_paths, zin_angel, general_overflow_altar,
          mainiacjoe_overflow_small_starburst, uniq_natasha, uniq_robin
D:5:      layout_basic, fedhas_altar_4, serial_shops, nicolae_take_the_stairs,
          uniq_eustachio, uniq_prince_ribbit1, uniq_blork_the_orc, uniq_menkaure
D:6:      layout_layer_cave, nicolae_sif_muna_little_library,
          minmay_temple_entry_crystal_x, serial_shops, shop,
          chequers_serial_rivers_micro_a, st_stairs_14, uniq_sigmund
D:7:      layout_layer_cave, enter_bailey_7, gammafunk_ghost_abyssal_escape,
          serial_park_tiny_2, kennysheep_donut, uniq_joseph
D:8:      layout_rooms, uniq_jeremiah, uniq_maurice

Skill      XL: |  1  2  3  4  5  6  7  8  9 |
---------------+----------------------------+-----
Armour         | 4 5 6 7 |  7.8
Shields        | 4 5 6 7 |  7.8
Fighting       | 4 5 6 7 |  7.8
Dodging        | 1 2 3 |  3.6
Maces & Flails | 3 4 5 6 |  6.8
Throwing       | 2 3 |  3.2

Action                     |  1- 3 |  4- 6 |  7- 9 | 10-12 || total
---------------------------+-------+-------+-------+-------++-------
  Melee: Flail             |   117 |   200 |   378 |    57 ||   752
  Throw: Stone             |       |       |    20 |       ||    20
         Dart              |       |       |       |     5 ||     5
    Use: Scroll            |     4 |    14 |     4 |     2 ||    24
         Potion            |       |     2 |     2 |     1 ||     5
 Armour: Scale mail        |   117 |     8 |       |       ||   125
         Plate armour      |       |   174 |   354 |    92 ||   620
  Dodge: Dodged            |    64 |    51 |   172 |    40 ||   327
  Block: Buckler           |    37 |    34 |    99 |    20 ||   190

Table legend: (Time is in decaauts)
 A = Elapsed time spent in this place.
 B = Non-inter-level travel time spent in this place.
 C = Inter-level travel time spent in this place.
 D = Time resting spent in this place.
 E = Time spent auto-exploring this place.
 F = Levels seen in this place.
 G = Mean time per level.
                   A        B        C        D        E       F      G
               +--------+--------+--------+--------+--------+-----+--------+
         Total |   8171 |   7894 |    277 |    488 |   5477 |   8 | 1021.4 |
       Dungeon |   8171 |   7894 |    277 |    488 |   5477 |   8 | 1021.4 |
               +--------+--------+--------+--------+--------+-----+--------+

Top non-repeatable levels by time:
     D:6: 1565 daAuts
     D:5: 1488 daAuts
     D:7: 1272 daAuts
     D:1: 1081 daAuts
     D:4: 1018 daAuts
     D:2: 853 daAuts
     D:3: 719 daAuts
     D:8: 172 daAuts
